yard, chaotic female elven Wizard ----------------- |...............| |<..-----------.--- ---. |....--------- ---.....%G@h.. ---------G... --..- ---- yard the Conjurer Experience level: 4 Strength: 10 Dexterity: 11 Constitution: 15 Intelligence: 20 Wisdom: 11 Charisma: 11 Health: 0(35) Energy: 6(33) Def: 6 Gold: 380 Moves: 1437 Dungeon seed: f6tuqvPdBV-T0nbt Game ID: yard_1486589167 Your Inventory: Coins $ - 380 gold pieces Weapons a - a blessed +1 quarterstaff o - a blessed +3 orcish dagger p - a +0 spear (in quiver) r - 2 +0 daggers (wielded) s - a +0 sling u - a +0 dwarvish mattock Armor e - an uncursed +0 cloak of magic resistance (being worn) y - an uncursed +0 elven mithril-coat (being worn) z - an uncursed +0 pair of iron shoes Scrolls i - an uncursed scroll of light j - an uncursed scroll of identify k - an uncursed scroll of enchant armor Spellbooks l - a blessed spellbook of force bolt m - an uncursed spellbook of jumping v - an uncursed spellbook of haste self Rings c - an uncursed ring of teleport control d - an uncursed +3 ring of gain constitution (on right hand) q - an uncursed ring of slow digestion (on left hand) B - an uncursed ring of aggravate monster Wands b - a wand of secret door detection (0:7) x - a wand of cancellation (0:4) C - a wand of magic missile (0:-1) Tools n - an uncursed bell Spells and supernatural/magical abilities: Name Level Category Fail Memory a - force bolt 1 attack 39% 93% j - jumping 1 escape 39% 93% W - pray for help -- divine ? -- Your skills at the end: Fighting Skills Weapon Skills quarterstaff [Basic] Spellcasting Skills attack spells [Basic] enchantment spells [Basic] Final Attributes: You were piously aligned. You were sleep resistant. You were magic-protected. You had infravision. You had slower digestion. You are dead. Vanquished creatures: 2 dwarves 2 hobbits 2 red molds 5 gnomes a gecko 4 jackals a goblin 6 grid bugs 5 lichens 2 kobold zombies 2 newts 32 creatures vanquished. Voluntary challenges: You were vegetarian. You used a wielded weapon 12 times, starting on turn 207. You read items or engraved 2 times, starting on turn 1093. You never genocided any monsters. You never polymorphed an object. You never changed form. You used no wishes. You never split a pudding. You never wrote Elbereth's name. You never violated your personal moral code. Dungeon overview: The Dungeons of Doom: levels 1 to 4 Level 1 a fountain a long staircase Level 2 some fountains Level 3 a scroll shop, a fountain Level 4 a general store stairs to The Gnomish Mines The Gnomish Mines: Level 5 <- You were here stairs to The Dungeons of Doom History has recorded: On T:1 you entered the Dungeons of Doom to retrieve the Amulet of Yendor! On T:148 you reached level 2 of The Dungeons of Doom. On T:371 you reached level 3 of The Dungeons of Doom. On T:393 you advanced to experience level 2. On T:753 you reached level 4 of The Dungeons of Doom. On T:828 you advanced to experience level 3. On T:1338 you reached level 1 of The Gnomish Mines. On T:1395 you advanced to experience level 4. Score breakdown: Gold: 380 ( 8779 points) Experience: 4 levels ( 9649 points) Exploration: 5 levels ( 10.20%) ( 8660 points) Discoveries: 4 items ( 1.44%) ( 3605 points) Valuables value: (no points given unless you survive) Artifact value: 0 ( 0 points) Variety of kills: 11 monsters ( 2.89%) ( 5097 points) Turncount: 1437 turns ( 0 points) Survival: died (score multiplied by 80%) Total score: 28632 Latest messages: The dwarf hits! You kill the gnome! The gnome hits! p - a spear (in quiver). There are several more objects here. You miss the gnome lord. The gnome lord wields a dagger! The daggers weld themselves to the gnome lord's hand! The gnome hits! You hit the gnome lord. The dwarf thrusts his broad short sword. The dwarf hits! You hit the gnome lord. The gnome lord thrusts his dagger. The gnome lord hits! The gnome misses. You begin praying to Anhur. The gnome lord thrusts his dagger. The gnome lord hits! You die... Final status: Goodbye yard the Wizard, killed by a gnome lord, while praying... You died in The Gnomish Mines on dungeon level 5 with 28632 points, and 380 pieces of gold, after 1437 moves. You were level 4 with a maximum of 35 hit points when you died.